 Dungeon Crawl Stone Soup version 0.22-a0-284-g99d1f74 (webtiles) character file.

124 KainKenai the Shield-Bearer (level 4, -1/35 HPs)
             Began as a Vampire Fighter on Mar 20, 2018.
             Was an Initiate of Dithmenos.
             Succumbed to a kobold's poison
             ... on level 3 of the Dungeon.
             The game lasted 00:20:41 (1527 turns).

KainKenai the Shield-Bearer (Vampire Fighter)       Turns: 1527, Time: 00:20:42

Health: -1/35      AC: 13    Str: 16    XL:     4   Next: 81%
Magic:  4/4        EV:  2    Int: 10    God:    Dithmenos [......]
Gold:   74         SH:  9    Dex: 13    Spells: 3/3 levels left

rFire    + . .     SeeInvis +   a - +0 long sword
rCold    + . .     Gourm    .   c - +0 shield
rNeg     . . .     Faith    .   m - +0 plate armour
rPois    .         Spirit   .   g - +2 hat
rElec    .         Reflect  .   b - scarf {rC+ rF+}
rCorr    .         Harm     .   (no gloves)
MR       .....                  (no boots)
Stlth    ..........             (no amulet)
HPRegen  0.31/turn              (no ring)
MPRegen  0.09/turn              (no ring)

@: lethally poisoned (-1 -> -10), regenerating quickly
A: fangs 3, see invisible, unbreathing
a: Renounce Religion


You were on level 3 of the Dungeon.
You worshipped Dithmenos.
Dithmenos was noncommittal.
You were very full.

You visited 1 branch of the dungeon, and saw 3 of its levels.

You collected 74 gold pieces.

Inventory:

Hand Weapons
 a - a +0 long sword (weapon)
 i - a +0 dagger of venom
Armour
 b - a scarf of resistance (worn)
 c - a +0 shield (worn)
 g - a +2 hat (worn)
 m - a +0 plate armour (worn)
Scrolls
 f - a scroll of magic mapping {unknown}
Potions
 d - 2 potions of might
 e - 18 potions of blood


   Skills:
 + Level 3.2 Fighting
 - Level 1.0(2.2) Short Blades
 + Level 2.8(2.9) Long Blades
 * Level 3.0 Armour
 * Level 1.0 Dodging
 - Level 1.0 Stealth
 * Level 3.4 Shields


You had 3 spell levels left.
You didn't know any spells.

Dungeon Overview and Level Annotations

Branches:
Dungeon (3/15)

Altars:
Dithmenos
Fedhas
Ru
Wu Jian
Yredelemnul

Annotations:
D:3 Grinder


Innate Abilities, Weirdness & Mutations

Your natural rate of healing is unusually fast.
You have razor-sharp teeth.
You have supernaturally acute eyesight. (SInv)
You can survive without breathing.


Message History

Yummy - fresh blood!
* * * LOW HITPOINT WARNING * * *
You feel sick. You block the kobold's attack.
Your shield and plate armour prevent you from hitting the kobold.
* * * LOW HITPOINT WARNING * * *
You feel sick. You block the kobold's attack. x2
You closely miss the kobold. Your bite misses the kobold.
* * * LOW HITPOINT WARNING * * *
You feel sick. You block the kobold's attack.
You slash the kobold!
You kill the kobold!
Dithmenos accepts your kill.
Your Armour skill increases to level 3!
* * * LOW HITPOINT WARNING * * *
You feel sick.
Yummy - fresh blood!
* * * LOW HITPOINT WARNING * * *
You feel sick.
Yummy - fresh blood!
You die...

.. #.#####
#####.##...... ...
.......... #.#
#.†....>. #.#
#.(......
#####.####..(.....
#..........(......
#.#.......(.......
###@#......(....5...
#...).<(.....#######
#.....(..#####
#........#
#........#
##########


There were no monsters in sight!

Vanquished Creatures
  An orc wizard (D:2)
  Natasha (D:3)
  A worm (D:2)
  2 dart slugs (D:1)
  2 leopard geckos (D:1)
  A ball python (D:2)
  8 bats
  3 giant cockroaches
  7 goblins
  10 hobgoblins
  2 jackals (D:2)
  3 quokkas
  6 frilled lizards
  7 kobolds
  5 rats
59 creatures vanquished.

Notes
Turn   | Place    | Note
-------+----------+-------------------------------------------
     0 | D:1      | KainKenai the Vampire Fighter began the quest for the Orb.
     0 | D:1      | Reached XP level 1. HP: 17/17 MP: 1/1
   234 | D:1      | Reached XP level 2. HP: 23/23 MP: 2/2
   438 | D:1      | Reached XP level 3. HP: 26/29 MP: 3/3
   668 | D:2      | Found an ornate altar of the Wu Jian Council.
   741 | D:2      | Found a shadowy altar of Dithmenos.
   748 | D:2      | Became a worshipper of Dithmenos the Shadowed
   990 | D:2      | Found a basalt altar of Yredelemnul.
   996 | D:2      | Found a sacrificial altar of Ru.
  1008 | D:2      | Reached skill level 1 in Short Blades
  1008 | D:2      | Reached XP level 4. HP: 35/35 MP: 4/4
  1350 | D:2      | Found a blossoming altar of Fedhas.
  1358 | D:2      | Reached skill level 1 in Stealth
  1486 | D:3      | Noticed Natasha
  1495 | D:3      | Killed Natasha
  1495 | D:3      | Reached skill level 1 in Dodging
  1498 | D:3      | Noticed Grinder
  1526 | D:3      | HP: 1/35 [poisoned by a kobold]
  1527 | D:3      | Succumbed to a kobold's poison

Vault maps used:
D:1:      dpeg_arrival_morbid_curiosity
D:2:      nicolae_ru_great_annihilating_truth, overflow_temple_1_default,
          grunt_dithmenos_smoke, overflow_temple_1_default, first_ration,
          fedhas_altar_fruit_tree
D:3:      minmay_ruptured, uniq_grinder, uniq_natasha, uniq_robin

Skill      XL: |  1  2  3  4 |
---------------+-------------+-----
Fighting       | 3 |  3.2
Shields        | 3 |  3.4
Short Blades   | 1 |  1.0
Stealth        | 1 |  1.0
Dodging        | 1 |  1.0
Armour         | 3 |  3.0
Long Blades    | |  2.8

Action                   |  1- 3 |  4- 6 || total
-------------------------+-------+-------++-------
Melee: Long sword        |   127 |    34 ||   161
       Bite              |    16 |     6 ||    22
  Use: Potion            |     8 |     6 ||    14
       Scroll            |     5 |       ||     5
 Stab: Invisible         |     1 |       ||     1
       Paralysed         |       |     3 ||     3
Armor: Scale mail        |    57 |       ||    57
       Plate armour      |    20 |    34 ||    54
Dodge: Dodged            |    19 |     6 ||    25
Block: Shield            |    68 |    23 ||    91
       Rpst.: Long sword |     6 |     2 ||     8

Table legend:
 A = Spawn XP
 B = Non-spawn XP
 C = Spawn XP percentage of total XP
 D = Spawn monster count
 E = Non-spawn monster count
 F = Spawn count percentage of total count
 G = Total turns spent on level
                    A         B        C        D         E        F      G
               +---------+---------+-------+---------+---------+-------+---------
         Total |       0 |     178 |   0.0 |       0 |      59 |   0.0 |  1527
               +---------+---------+-------+---------+---------+-------+---------
           D:1 |       0 |      62 |   0.0 |       0 |      35 |   0.0 |   668
           D:2 |       0 |      76 |   0.0 |       0 |      20 |   0.0 |   809
           D:3 |       0 |      40 |   0.0 |       0 |       4 |   0.0 |    50
               +---------+---------+-------+---------+---------+-------+---------
